 Dungeon Crawl Stone Soup version 0.13.1-28-g3517093 (console) character file.

123 Magician the Chopper (level 4, -11/39 HPs)
             Began as a Centaur Berserker on Mar 8, 2014.
             Was a Follower of Trog.
             Shot with an arrow of flame by a centaur (23 damage)
             ... on Level 5 of the Dungeon.
             The game lasted 00:01:40 (292 turns).

Magician the Chopper (Centaur Berserker)             Turns: 292, Time: 00:01:40

HP -11/39        AC  4     Str 21      XL: 4   Next:  7%
MP   2/2         EV  9     Int  6      God: Trog [*.....]
Gold 51          SH  0     Dex  8      Spells:  0 memorised,  3 levels left

Res.Fire  : . . .   See Invis. : .   a - +0 hand axe {=f}
Res.Cold  : . . .   Warding    : .   b - +0 animal skin
Life Prot.: . . .   Conserve   : .   (no shield)
Res.Poison: .       Res.Corr.  : .   (no helmet)
Res.Elec. : .       Clarity    : .   (no cloak)
Sust.Abil.: . .     Spirit.Shd : .   (no gloves)
Res.Mut.  : .       Stasis     : .   (no barding)
Res.Rott. : .       Flight     : .   (no amulet)
Saprovore : . . .                    (no ring)
                                     (no ring)

@: exhausted, very quick, slightly resistant to hostile enchantments, extremely
unstealthy
A: hooves 3, deformed body, herbivore 1, speed 2, fast metabolism 1, tough skin
3
a: Burn Spellbooks, Berserk, Renounce Religion


You were on level 5 of the Dungeon.
You worshipped Trog.
Trog was aware of your devotion.
You were not hungry.

You visited 1 branch of the dungeon, and saw 5 of its levels.

You collected 31 gold pieces.

Inventory:

Hand weapons
 a - a +0,+0 hand axe (weapon) {=f}
Armour
 b - a +0 animal skin (worn)
Comestibles
 c - 3 bread rations
 i - a meat ration
Scrolls
 d - a scroll of enchant armour {unknown}
 f - 3 scrolls of identify {unknown}
 j - a scroll of remove curse {unknown}
Jewellery
 g - an uncursed amulet of resist corrosion {unknown}
 k - an uncursed amulet of resist mutation {unknown}
Potions
 e - a potion of might {unknown}
 h - a potion of resistance {unknown}
 l - a potion of agility {unknown}
 m - a potion of restore abilities {unknown}


   Skills:
 + Level 3.8 Fighting
 * Level 3.9 Axes
 - Level 1.3 Armour
 - Level 1.3 Dodging


You had 3 spell levels left.
You didn't know any spells.

Dungeon Overview and Level Annotations

Branches:
Dungeon (5/27)             Temple (0/1) D:4

Altars:
Xom


Innate Abilities, Weirdness & Mutations

You have hooves in place of feet.
Armour fits poorly on your strangely shaped body.
You digest meat inefficiently.
You cover ground very quickly.
You have a fast metabolism.
You have extremely tough skin (AC +3).


Message History

Your kick misses the giant gecko. The giant gecko closely misses you.
The giant gecko bites you.
You barely miss the giant gecko. The giant gecko barely misses you.
The giant gecko completely misses you.
You completely miss the giant gecko. Your kick misses the giant gecko.
The giant gecko bites you.
You hit the giant gecko.
The giant gecko is almost dead.
You feel yourself speed up.
The giant gecko bites you but does no damage.
The giant gecko bites you.
You hit the giant gecko.
You kill the giant gecko!
Trog accepts your kill.
A centaur comes into view.
The centaur shouts!
The centaur wields a bow.
The centaur shoots an arrow of flame.
The arrow of flame hits you!
Ouch! That really hurt!
You die...

..# ......... .........
........ . ...... ...
####....##..#..
#.c......#...... #.#
#...........#.#.##.[...
####@......###.#.....
#.".........#........
#.......##...........
######..#.#..........
#..................
#..................
######.....(.......
#................
#................


You could see a centaur.

Vanquished Creatures
  A scorpion (D:4)
  A worker ant (D:5)
  A giant mite (D:5)
  A giant gecko (D:5)
  A goblin (D:1)
  3 hobgoblins
  4 jackals (D:1)
  A quokka (D:4)
  3 giant newts
  2 rats
  A rat skeleton (D:4)
19 creatures vanquished.

Notes
Turn   | Place    | Note
--------------------------------------------------------------
     0 | D:1      | Magician, the Centaur Berserker, began the quest for the Orb.
     0 | D:1      | Reached XP level 1. HP: 19/19 MP: 0/0
    75 | D:1      | Reached XP level 2. HP: 24/26 MP: 1/1
   150 | D:4      | Reached XP level 3. HP: 27/33 MP: 2/2
   178 | D:4      | Found a shimmering altar of Xom.
   224 | D:4      | Found a staircase to the Ecumenical Temple.
   243 | D:5      | Entered Level 5 of the Dungeon
   254 | D:5      | Reached XP level 4. HP: 24/39 MP: 2/2
   292 | D:5      | Noticed a centaur
   292 | D:5      | Shot with an arrow of flame by a centaur

Action                   |  1- 3 |  4- 6 || total
-------------------------+-------+-------++-------
Melee: Hand axe          |    40 |     5 ||    45
Invok: Berserk           |     2 |       ||     2
